 Dungeon Crawl Stone Soup version 0.32-a0-599-gba8f9cf90e (webtiles) character file.

Game seed: 3431962323564594301

2 runemasterragnar the Charlatan (level 1, -1/15 HPs)
             Began as a Coglin Artificer on Mar 2, 2024.
             Slain by a ball python (3 damage)
             ... on level 1 of the Dungeon.
             The game lasted 00:00:20 (147 turns).

runemasterragnar the Charlatan (Coglin Artificer)    Turns: 147, Time: 00:00:20

Health: -1/15      AC:  3    Str: 12    XL:     1   Next: 40%
Magic:  1/1        EV:  1    Int: 10    God:
Gold:   30         SH:  0    Dex: 14    Spells: 0/0 levels left

rFire   . . .        h - +2 short sword (venom) {Fatehjeet}
rCold   . . .        f - +0 dagger {Clara}
rNeg    . . .        b - +0 leather armour
rPois   .            (no helmet)
rElec   .            (no cloak)
rCorr   .            (no gloves)
SInv    .            (no boots)
Will    .....        (amulet unavailable)
Stlth   +            (ring unavailable)
HPRegen 0.22/turn    (ring unavailable)
MPRegen 0.07/turn    (no gizmo)

%: no passive effects
@: constricted, revved
A: off-hand wielding, slow wielding, warmup strikes, no jewellery
a: Invent Gizmo


You were on level 1 of the Dungeon.
You visited 1 branch of the dungeon, and saw 1 of its levels.

You collected 30 gold pieces.

Inventory:

Hand Weapons
 a - a +0 club {Septima}
 f - a +0 dagger (offhand) {Clara}
 h - a +2 short sword of venom (weapon) {Fatehjeet}
Armour
 b - a +0 leather armour (worn)
Wands
 c - a wand of flame (15) (quivered)
 d - a wand of charming (15)
 e - a wand of iceblast (5)
Potions
 g - a potion of curing {unknown}
 i - a potion of haste {unknown}


   Skills:
 * Level 1.2 Fighting
 - Level 1.7 Armour
 - Level 0.8 Dodging
 - Level 0.7 Stealth
 + Level 4.1 Evocations


You couldn't memorise any spells.
You didn't know any spells.
Your spell library was empty.

Dungeon Overview and Level Annotations

Branches:
Dungeon (1/15)

Altars:


Innate Abilities, Weirdness & Mutations

You can wield a second weapon in your off-hand.
It takes a long time for you to wield or remove held weapons.
Your first few attacks do less damage.
You cannot equip rings or amulets.


Message History

You hit the ball python with your +0 dagger.
You kill the ball python!
No target in view!
No target in view!
You now have 30 gold pieces (gained 11).
You see here a ball python corpse.
i - a white potion A gnoll comes into view.
It is wielding a +0 spear.
The gnoll shouts!
The gnoll moves out of view.
A gnoll and a ball python come into view.
Found a ring mail.
Found a stone staircase leading down.
The ball python hisses angrily.
The gnoll closely misses you.
There are monsters nearby!
You hit the gnoll with your +2 short sword of venom.
The gnoll is poisoned.
The gnoll is moderately wounded.
You hit the gnoll but do no damage. The gnoll closely misses you.
You hit the gnoll with your +2 short sword of venom.
The gnoll looks as sick as possible!
The gnoll is moderately wounded.
You barely miss the gnoll with your +0 dagger.
The ball python barely misses you. The ball python grabs you.
The ball python constricts you. The gnoll hits you with a +0 spear.
You barely miss the ball python with your +0 dagger.
You closely miss the ball python with your +2 short sword of venom.
The ball python bites you but does no damage.
The ball python constricts you. The gnoll hits you with a +0 spear.
The ball python bites you. The ball python constricts you.
You closely miss the ball python with your +2 short sword of venom.
You hit the ball python with your +0 dagger.
The ball python bites you but does no damage.
The ball python constricts you. The gnoll hits you with a +0 spear.
* * * LOW HITPOINT WARNING * * *
Unknown command.
You hit the gnoll with your +2 short sword of venom.
You kill the gnoll!
The ball python bites you.
You die...

##.#. ##....#
....... .......
# #...... [#
##.....##>#
......)...#
#...S@#
#.###.####### #
#........
#.###.#######.#
#.....# .#
####.## ##.#
#.# #.. #.# #.#
#.# ##.##


You could see a ball python.

Vanquished Creatures
  A gnoll (D:1)
  A ball python (D:1)
  A quokka (D:1)
3 creatures vanquished.

Notes
Turn   | Place    | Note
-------+----------+-------------------------------------------
     0 | D:1      | runemasterragnar the Coglin Artificer began the quest for
                  | the Orb.
     0 | D:1      | Reached XP level 1. HP: 15/15 MP: 1/1
   147 | D:1      | Slain by a ball python

Illustrated notes

Levels and vault maps discovered:
D:1:      dpeg_arrival_short_road, layout_loops_ring,
          hellmonk_ecumenical_altar_leap_of_faith, minmay_tiny_reverse_x

Action                     || total
---------------------------++-------
  Melee: Dagger            ||     9
         Short sword       ||     9
   Stab: Sleeping          ||     1
 Armour: Leather armour    ||    14
  Dodge: Dodged            ||     5

Table legend: (Time is in decaauts)
 A = Elapsed time spent in this place.
 B = Non-inter-level travel time spent in this place.
 C = Inter-level travel time spent in this place.
 D = Time resting spent in this place.
 E = Time spent auto-exploring this place.
 F = Levels seen in this place.
 G = Mean time per level.
                   A        B        C        D        E       F      G
               +--------+--------+--------+--------+--------+-----+--------+
         Total |    147 |    147 |      0 |      0 |    106 |   1 |  147.0 |
       Dungeon |    147 |    147 |      0 |      0 |    106 |   1 |  147.0 |
               +--------+--------+--------+--------+--------+-----+--------+

Top non-repeatable levels by time:
     D:1: 147 daAuts
